 Dungeon Crawl Stone Soup version 0.20.1-1-g8b1a95d (webtiles) character file.

39690 Sayu92 the Basher (level 14, -21/94 HPs)
             Began as a Gargoyle Fighter on Dec 12, 2017.
             Was the Champion of Okawaru.
             Demolished by an orc warrior
             ... wielding a +0 broad axe
              (27 damage)
             ... on level 1 of the Orcish Mines.
             The game lasted 03:10:52 (23928 turns).

Sayu92 the Basher (Gargoyle Fighter)               Turns: 23928, Time: 03:10:53

Health: -21/94     AC: 34    Str: 24    XL:     14   Next: 7%
Magic:  14/14      EV: 13    Int:  8    God:    Okawaru [******]
Gold:   1725       SH:  0    Dex:  9    Spells: 13/13 levels left

rFire    . . .     SeeInvis .   b - +3 great mace (protect)
rCold    + . .     Gourm    +   (shield currently unavailable)
rNeg     + + .     Faith    .   a - +0 plate armour {rN+}
rPois    ∞         Spirit   .   (no helmet)
rElec    +         Reflect  .   (no cloak)
rCorr    .         Harm     .   t - +0 pair of gloves
MR       ++...                  K - +0 pair of boots
Stlth    ..........             A - amulet of the gourmand
Regen    0.3/turn               U - ring "Ixke" {rC+ MR+ Stlth+}
MPRegen  0.2/turn               L - +3 ring of evasion

@: protection aura
A: big wings, dopey 1, negative energy resistance 1, electricity resistance,
unbreathing, petrification resistance, rot immunity, AC +9
a: Fly, Heroism, Finesse, Renounce Religion


You were on level 1 of the Orcish Mines.
You worshipped Okawaru.
Okawaru was exalted by your worship.
You were not hungry.

You visited 4 branches of the dungeon, and saw 18 of its levels.
You also visited: Labyrinth and Sewer.

You collected 1725 gold pieces.

Inventory:

Hand Weapons
 b - a +3 great mace of protection (weapon)
 c - a +0 great mace
 R - a +0 dire flail
Missiles
 i - 2 tomahawks (quivered)
 y - 4 throwing nets
 W - 8 javelins of returning
Armour
 a - a +0 plate armour of positive energy (worn)
 t - a +0 pair of gloves (worn)
 K - a +0 pair of boots (worn)
Jewellery
 h - a +3 ring of strength
 k - a +2 ring of protection
 w - an uncursed ring of protection from magic
 A - an amulet of the gourmand (around neck)
 J - an uncursed ring of flight
 L - a +3 ring of evasion (right hand)
 M - an uncursed ring of fire
 U - the ring "Ixke" (left hand) {rC+ MR+ Stlth+}
   (You took it off a minotaur in a labyrinth)

   [ring of protection from magic]

   It protects you from cold.
   It affects your resistance to hostile enchantments.
   It makes you more stealthy.
Wands
 v - a wand of iceblast (5/15)
 C - a wand of lightning (3/15)
 F - a wand of confusion (25/48)
 P - a wand of random effects (25/48)
 Y - a wand of clouds (5/9)
 Z - a wand of disintegration (10/24)
Scrolls
 e - a scroll of teleportation
 g - 3 scrolls of enchant weapon
 o - a scroll of noise
 p - 8 scrolls of remove curse
 r - 4 scrolls of magic mapping
 s - a scroll of amnesia
 E - a scroll of holy word {unknown}
 G - a scroll of torment {unknown}
 V - a scroll of fog {unknown}
 X - a scroll of recharging
Potions
 d - 2 potions of might
 j - a potion of magic
 l - 3 potions of berserk rage
 n - 4 potions of curing
 x - a potion of agility
 z - a potion of brilliance
 B - 2 potions of haste
 H - a potion of invisibility
 I - a potion of ambrosia
 N - a potion of lignification
 O - a potion of resistance
 T - 2 potions of mutation
Miscellaneous
 Q - a fan of gales
Comestibles
 f - 9 bread rations
 m - 9 meat rations
 u - 10 royal jellies
 S - 17 fruits


   Skills:
 + Level 13.2 Fighting
 * Level 14.1 Maces & Flails
 - Level 5.7 Throwing
 - Level 11.5 Armour
 + Level 7.7 Dodging
   Level 3.2 Shields


You had 13 spell levels left.
You didn't know any spells.

Dungeon Overview and Level Annotations

Branches:
Dungeon (11/15)            Temple (1/1) D:7            Lair (4/6) D:10
 Spider (0/4) Lair:3          Orc (2/2) D:11            Elf (0/3) Orc:2
  Swamp: Lair:2-4    Shoals: Lair:2-4

Altars:
Ashenzari
Cheibriados
Dithmenos
Elyvilon
Fedhas
Gozag
Hepliaklqana
Makhleb
Okawaru
Qazlal
Ru
Sif Muna
Vehumet
Xom
Yredelemnul
Zin
The Shining One

Annotations:
D:11 1 exclusion
Lair:2 exclusion: 5 doors, Gastronok
Lair:4 Nergalle


Innate Abilities, Weirdness & Mutations

You are resistant to torment.
Your stone body is resilient. (AC +9)
You are immune to poison.
Your large and strong wings let you fly indefinitely.
You resist negative energy. (rN+)
You are resistant to electric shocks. (rElec)
You can survive without breathing.
You are immune to petrification.
You are immune to rotting.
You are dopey. (Int -2)


Message History

The orcs go into a battle-frenzy!
The orc warrior hits you with a flail.
The orc warrior hits you but does no damage.
You climb upwards.
There is a stone staircase leading down here.
You hit the orc warrior.
Your weapon exudes an aura of protection.
The orc warrior is lightly wounded.
The orc warrior hits you with a flail!
You are too injured to fight recklessly!
You are too injured to fight recklessly!
You completely miss the orc warrior. The orc warrior closely misses you.
You closely miss the orc warrior. The orc warrior hits you with a flail!
The orc warrior hits you with an uncursed broad axe!!
* * * LOW HITPOINT WARNING * * *
Okay, then.
You feel better. The orc warrior hits you with a flail!!
* * * LOW HITPOINT WARNING * * *
The orc warrior hits you with an uncursed broad axe!!
You die...

###...# ###.............(....
#.....######..........#.[....
###......#.###.........###.....
#...........##.....>....###....
#...........#..........##.#.[..
###.....##...............#.[.....
#.......##...........#...[)....#.
#.......##.....oo..####.......###
......#####.....@.#####.......###
........###.......###.#.........#
#........#..(......##.#..........
#............(......#....#.......
##..#........[...(...([.####....)
####.......).#[.........##......
#......[))###.......#####.....
##.....<.## ##.....## ###...
##..#>)## ##.....# #...


You could see 2 orc warriors.

Vanquished Creatures
  An ettin (D:11)
  A minotaur (Lab)
  The ghost of Statics the Grappler, a journeyman TrMo of Cheibriados (D:11)
  Harold (Lair:2)
  6 hydras
  8 two-headed ogres
  4 death yaks
  An orc high priest (Orc:2)
  An unseen horror (D:11)
  3 orc sorcerers
  An ugly thing (D:11)
  4 cyclopes
  A black mamba (Lair:3)
  4 spiny frogs
  A rime drake (Lair:3)
  5 komodo dragons
  A demonic crawler (Lair:2)
  5 trolls
  A minotaur skeleton (Lab)
  Grinder (D:6)
  2 hippogriffs
  Sigmund (D:2)
  A wraith (D:10)
  2 wyverns
  10 yaks
  4 hogs (D:7)
  A steam dragon (D:11)
  A human (D:7)
  4 hungry ghosts
  2 basilisks
  Menkaure (D:5)
  2 wargs
  8 water moccasins
  2 porcupines
  24 orc warriors
  2 black bears
  3 ice beasts
  3 sky beasts
  9 ogres
  6 wolves (Lair:3)
  13 centaurs
  7 crocodiles
  A big kobold (D:5)
  13 bullfrogs
  A wyvern zombie (D:7)
  A water moccasin zombie (D:6)
  4 scorpions
  4 killer bees
  An electric eel (D:11)
  2 howler monkeys (D:11)
  9 crimson imps
  A bullfrog zombie (D:10)
  2 quasits
  3 centaur zombies
  4 lava snakes
  6 hounds
  7 jellies
  17 orc priests
  27 orc wizards
  Jessica (D:2)
  A bullfrog skeleton (D:8)
  6 worker ants
  7 iguanas (Lair:1)
  A hound zombie (D:10)
  A hound skeleton (D:6)
  A howler monkey zombie (D:6)
  28 adders
  3 gnolls (D:6)
  3 shadow imps
  10 oozes
  An adder skeleton (D:4)
  2 worms
  4 dart slugs
  10 leopard geckos
  74 orcs
  12 ball pythons
  8 bats
  22 giant cockroaches
  2 gnoll zombies (D:2)
  10 goblins
  6 hobgoblins
  15 jackals
  28 kobolds
  9 quokkas
  17 frilled lizards
  A leopard gecko skeleton (D:4)
  A leopard gecko zombie (D:6)
  A quokka zombie (D:8)
  10 rats
  6 plants (D:5)
563 creatures vanquished.

Vanquished Creatures (others)
  An orc wizard (D:11)
  A shadow imp (D:11)
  An orc (D:11)
  A fungus (Lair:2)
  3 plants
7 creatures vanquished.

Grand Total: 570 creatures vanquished

Notes
Turn   | Place    | Note
-------+----------+-------------------------------------------
     0 | D:1      | Sayu92 the Gargoyle Fighter began the quest for the Orb.
     0 | D:1      | Reached XP level 1. HP: 14/14 MP: 1/1
   197 | D:1      | Reached XP level 2. HP: 19/19 MP: 2/2
   568 | D:1      | Reached XP level 3. HP: 24/24 MP: 3/3
   926 | D:2      | Noticed Sigmund
   938 | D:2      | HP: 1/24 [Sigmund/puff of flame (9)]
  1294 | D:1      | Reached skill level 3 in Maces & Flails
  1327 | D:1      | Reached XP level 4. HP: 8/29 MP: 4/4
  1731 | D:2      | Found a basalt altar of Yredelemnul.
  1807 | D:2      | Noticed Jessica
  1811 | D:2      | Killed Jessica
  1811 | D:2      | Reached XP level 5. HP: 34/34 MP: 5/5
  1828 | D:2      | Killed Sigmund
  1828 | D:2      | Reached skill level 4 in Maces & Flails
  1828 | D:2      | Reached XP level 6. HP: 34/40 MP: 6/6
  1957 | D:2      | Found a glowing golden altar of the Shining One.
  2081 | D:3      | Reached skill level 5 in Fighting
  2285 | D:3      | Reached skill level 5 in Armour
  2399 | D:3      | Reached skill level 5 in Maces & Flails
  2399 | D:3      | Reached XP level 7. HP: 38/44 MP: 7/7
  2604 | D:3      | Found an opulent altar of Gozag.
  3274 | D:4      | Reached skill level 6 in Maces & Flails
  3340 | D:5      | Entered Level 5 of the Dungeon
  3347 | D:5      | Reached XP level 8. HP: 4/51 MP: 8/8
  3681 | D:5      | Noticed Menkaure
  3701 | D:5      | Killed Menkaure
  4151 | D:5      | Reached skill level 7 in Maces & Flails
  4888 | D:6      | Noticed Grinder
  4905 | D:6      | Killed Grinder
  4994 | D:6      | Reached XP level 9. HP: 53/57 MP: 9/9
  5017 | D:6      | Reached skill level 8 in Maces & Flails
  5181 | D:6      | Found a glowing drain.
  5275 | Sewer    | Entered a sewer
  6027 | D:7      | Reached skill level 9 in Maces & Flails
  6029 | D:7      | Found a staircase to the Ecumenical Temple.
  6500 | D:7      | Reached XP level 10. HP: 37/65 MP: 10/10
  6793 | Temple   | Entered the Ecumenical Temple
  6824 | Temple   | Became a worshipper of Warmaster Okawaru
  6917 | D:8      | Reached skill level 10 in Maces & Flails
  7405 | D:8      | Noticed a two-headed ogre
  7984 | D:9      | Found a white marble altar of Elyvilon.
  8716 | D:9      | Reached * piety under Okawaru
  8841 | D:9      | Noticed a two-headed ogre
  8854 | D:9      | Killed a two-headed ogre
  8854 | D:9      | Reached skill level 11 in Maces & Flails
  9350 | D:9      | Found a burning altar of Makhleb.
  9350 | D:9      | Found a shadowy altar of Dithmenos.
  9589 | D:10     | Entered Level 10 of the Dungeon
  9589 | D:10     | Noticed a gargoyle
  9715 | D:10     | Found a staircase to the Lair.
  9782 | D:10     | Noticed a two-headed ogre
  9825 | D:10     | Killed a two-headed ogre
  9825 | D:10     | Reached ** piety under Okawaru
 10082 | D:10     | Reached XP level 11. HP: 70/72 MP: 11/11
 10421 | Lair:1   | Entered Level 1 of the Lair of Beasts
 10583 | Lair:1   | Noticed a five-headed hydra
 10595 | Lair:1   | Killed a five-headed hydra
 10595 | Lair:1   | Reached skill level 10 in Fighting
 10967 | Lair:1   | Reached skill level 12 in Maces & Flails
 10984 | Lair:1   | Noticed a six-headed hydra
 11003 | Lair:1   | Killed a six-headed hydra
 11003 | Lair:1   | Reached *** piety under Okawaru
 11003 | Lair:1   | Reached skill level 10 in Armour
 11266 | Lair:1   | Noticed a four-headed hydra
 11549 | Lair:1   | Killed a four-headed hydra
 11549 | Lair:1   | Received a gift from Okawaru
 11917 | Lair:1   | Noticed a six-headed hydra
 11933 | Lair:1   | Killed a six-headed hydra
 11933 | Lair:1   | Reached **** piety under Okawaru
 12775 | Lair:2   | Noticed Gastronok
 13096 | Lair:2   | Noticed a death yak
 13096 | Lair:2   | Noticed a death yak
 13097 | Lair:2   | Noticed a death yak
 13149 | Lair:1   | Killed a death yak
 13149 | Lair:1   | Reached skill level 13 in Maces & Flails
 13354 | Lair:1   | Killed a death yak
 13354 | Lair:1   | Reached ***** piety under Okawaru
 13437 | Lair:1   | Reached XP level 12. HP: 39/79 MP: 12/12
 13699 | Lair:2   | Noticed a five-headed hydra
 13715 | Lair:2   | Killed a five-headed hydra
 14085 | Lair:2   | Noticed Harold
 14102 | Lair:2   | Killed Harold
 14102 | Lair:2   | Received a gift from Okawaru
 14368 | Lair:2   | Noticed a death yak
 14404 | Lair:2   | Killed a death yak
 14418 | Lair:2   | Killed a death yak
 15101 | Lair:3   | Noticed a four-headed hydra
 15115 | Lair:2   | Killed a four-headed hydra
 15193 | Lair:2   | Reached skill level 14 in Maces & Flails
 15374 | Lair:3   | Found a hole to the Spider Nest.
 15403 | Lair:3   | Reached skill level 1 in Dodging
 15514 | Lair:3   | Found a labyrinth entrance.
 15524 | Lair:3   | Reached skill level 1 in Throwing
 15557 | Lab      | Entered a labyrinth
 16121 | Lab      | Noticed a minotaur
 16145 | Lab      | Killed a minotaur
 16145 | Lab      | Received a gift from Okawaru
 16362 | Lab      | Got an ancient lapis lazuli ring
 16460 | Lab      | Identified the Catalogue of Creation and the Snowflakes
 16972 | Lair:3   | Received a gift from Okawaru
 17233 | Lair:3   | Reached XP level 13. HP: 86/86 MP: 13/13
 17569 | Lair:4   | Noticed Nergalle
 17882 | D:11     | Found an opulent altar of Gozag.
 17888 | D:11     | Noticed Statics's ghost (journeyman TrMo)
 17913 | D:11     | Killed Statics's ghost
 18178 | D:11     | Reached skill level 5 in Dodging
 18975 | D:11     | Reached ****** piety under Okawaru
 19236 | D:11     | Received a gift from Okawaru
 19239 | D:11     | Identified the ring "Ixke" {rC+ MR+ Stlth+} (You took it off a minotaur in a labyrinth)
 19242 | D:11     | Got a shimmering scimitar {god gift}
 19243 | D:11     | Identified the +9 scimitar "Docruoza" {freeze, Str+5} (Okawaru gifted it to you on level 11 of the Dungeon)
 19264 | D:11     | Found a staircase to the Orcish Mines.
 19604 | Orc:1    | Entered Level 1 of the Orcish Mines
 20301 | Orc:1    | Noticed an ettin
 20771 | D:11     | Killed an ettin
 20771 | D:11     | Reached skill level 5 in Throwing
 21495 | Orc:1    | Received a gift from Okawaru
 21728 | Orc:1    | Gained mutation: You are dopey. (Int -2) [a neqoxec]
 21743 | Orc:2    | Entered Level 2 of the Orcish Mines
 22562 | Orc:2    | Received a gift from Okawaru
 22674 | Orc:1    | Gained mutation: Your large and strong wings let you fly indefinitely. [Gargoyle growth]
 22674 | Orc:1    | Reached XP level 14. HP: 53/94 MP: 11/14
 23594 | Orc:2    | Found a staircase to the Elven Halls.
 23928 | Orc:1    | Demolished by an orc warrior

Skill      XL: |  1  2  3  4  5  6  7  8  9 10 11 12 13 |
---------------+----------------------------------------+-----
Maces & Flails | 3 4 5 6 7 9 11 13 14 | 14.1
Armour         | 4 5 6 8 9 10 11 | 11.5
Fighting       | 4 5 6 7 8 9 10 12 13 | 13.2
Dodging        | 3 7 |  7.7
Throwing       | 2 5 |  5.7
Shields        | |  3.2

Action                   |  1- 3 |  4- 6 |  7- 9 | 10-12 | 13-15 || total
-------------------------+-------+-------+-------+-------+-------++-------
Melee: Flail             |   128 |   199 |   731 |   989 |   312 ||  2359
       Dire flail        |       |       |       |       |   434 ||   434
       Scimitar          |       |       |       |       |     5 ||     5
       Great mace        |       |       |       |       |    66 ||    66
Throw: Tomahawk          |       |       |    14 |     9 |    71 ||    94
       Throwing net      |       |       |     3 |     4 |     3 ||    10
Invok: Heroism           |       |       |       |     9 |     6 ||    15
Evoke: Wand              |       |       |       |       |     4 ||     4
  Use: Scroll            |     5 |     3 |     5 |     7 |     7 ||    27
       Potion            |     3 |     3 |     4 |     3 |     4 ||    17
 Stab: Held in net/web   |       |       |       |     1 |       ||     1
  Eat: Chunk             |     1 |     4 |    14 |    39 |    21 ||    79
       Bread ration      |       |       |       |     3 |       ||     3
Armor: Scale mail        |    92 |   131 |   343 |    33 |       ||   599
       Chain mail        |       |       |       |    95 |       ||    95
       Plate armour      |       |       |       |   433 |   474 ||   907
Dodge: Dodged            |    59 |    65 |   189 |   300 |   509 ||  1122
Block: Shield            |    88 |   111 |   304 |   459 |   111 ||  1073
       Rpst.: Scimitar   |       |       |       |       |     1 ||     1
